Workbook

Sheet COMPARATIVO
B3: PLANILHA COMPARATIVA
A6: Obra: LOCAÇÃO DE MÁQUINAS PESADAS PARA "OPERAÇÃO RECUPERAÇÃO DE ESTRADAS VICINAIS" NO MUNICÍPIO DE BUENOS AIRES, CONFORME DECRETO EMERGENCIAL N° 018-2026
A8: ORÇAMENTO | B8: VALOR TOTAL ($) | C8: BDI ADOTADO (dentro da faixa referencial do Acórdão 2622/2013, com tributos locais) | D8: ENCARGOS SOCIAIS ADOTADOS (padrão SINAPI Pernambuco)
A9: COM DESONERAÇÃO | B9: ='ORÇ SINTÉTICO DES'!K12 -> 345467.1 | C9: 0.1786 | D9: 98,83% (hora) e 58,10% (mês)
A10: SEM DESONERAÇÃO | B10: ='ORÇ SINTÉTICO N DES'!K12 -> 337683.6 | C10: 0.1445 | D10: 114,63% (hora) e 70,67% (mês)
A12: *Foi escolhido a data base sem desoneração, assim economizando | D12: =B9-B10 -> 7783.5
B13: aos cofres públicos

Sheet ORÇ SINTÉTICO N DES
D1: OBRA | E1: BANCOS | H1: B.D.I. | I1: ENCARGOS SOCIAIS
D2: LOCAÇÃO DE MÁQUINAS PESADAS PARA "OPERAÇÃO RECUPERAÇÃO DE ESTRADAS VICINAIS" NO MUNICÍPIO DE BUENOS AIRES, CONFORME DECRETO EMERGENCIAL N° 018-2026 | E2: SINAPI - 03/2026 - Pernambuco SICRO3 - 01/2026 - Pernambuco | H2: 0.1445 | I2: Não Desonerado: Horista: 114,63% Mensalista: 70,67%
A3: ORÇAMENTO SINTÉTICO NÃO DESONERADO
A4: ITEM | B4: CÓDIGO | C4: BANCO | D4: DESCRIÇÃO | E4: UND | F4: QUANT. | G4: VALOR UNIT. | H4: VALOR UNIT, COM BDI | I4: TOTAL | J4: PESO (%)
A5: 1 | D5: LOCAÇÃO MÁQUINAS PESADAS | I5: =SUM(I6:I8) -> 337683.6 | J5: =SUM(J6:J8) -> 1
A6: 1.1 | B6: 5678 | C6: SINAPI | D6: RETROESCAVADEIRA SOBRE RODAS COM CARREGADEIRA, TRAÇÃO 4X4, POTÊNCIA LÍQ. 88 HP, CAÇAMBA CARREG. CAP. MÍN. 1 M3, CAÇAMBA RETRO CAP. 0,26 M3, PESO OPERACIONAL MÍN. 6.674 KG, PROFUNDIDADE ESCAVAÇÃO MÁX. 4,37 M - CHP DIURNO. AF_06/2014 | E6: CHP | F6: 630 | G6: 158.27 | H6: 181.14 | I6: 114118.2 | J6: 0.33794416
A7: 1.2 | B7: 96035 | C7: SINAPI | D7: CAMINHÃO BASCULANTE 10 M3, TRUCADO, POTÊNCIA 230 CV, INCLUSIVE CAÇAMBA METÁLICA, COM DISTRIBUIDOR DE AGREGADOS ACOPLADO - CHP DIURNO. AF_02/2017 | E7: CHP | F7: 480 | G7: 324.73 | H7: 371.65 | I7: 178392 | J7: 0.5282815
A8: 1.3 | B8: COMP 01 - BA | C8: Próprio | D8: LOCAÇÃO DE CAMINHÃO LIMPA FOSSA EQUIPADO COM TANQUE DE SUCÇÃO A VÁCUO, COM CAPACIDADE MINÍMA DE 8 MIL LITROS, BOMBA DE ALTO DESEMPENHO E MANGUEIRAS APROPRIADAS PARA A EXECUÇÃO DE SERVIÇOS DE ESGOTAMENTO SANITÁRIO. UTILIZADO NA SUCÇÃO, TRANSPORTE E DESCARTE DE RESÍDUOS DE FOSSAS SÉPTICAS, CAIXAS DE GORDURA E POÇOS DE INSPEÇÃO. OPERAÇÃO A DIESEL. COM MOTORISTA, COMBUSTÍVEL E MANUTENÇÃO POR CONTA DA CONTRATADA. (SERVIÇOS) | E8: UND | F8: 60 | G8: 657.83 | H8: 752.89 | I8: 45173.4 | J8: 0.13377434
F10: Total sem BDI | H10: 295050.3 | K10: =H10 -> 295050.3
F11: Total do BDI | H11: 42633.3 | K11: =H11 -> 42633.3
F12: Total Geral | H12: 337683.6 | K12: =H12 -> 337683.6
D13: TREZENTOS E TRINTA E SETE MIL, SEISCENTOS E OITENTA E TRÊS REIAS E SESSENTA CENTAVOS
I18: =415*2 -> 830

Sheet MC
A1: PREFEITURA MUNICIPAL DE BUENOS AIRES - PE
A3: MEMÓRIA DE CÁLCULO
A5: OBRA: | B5: LOCAÇÃO DE MÁQUINAS PESADAS PARA "OPERAÇÃO RECUPERAÇÃO DE ESTRADAS VICINAIS" NO MUNICÍPIO DE BUENOS AIRES, CONFORME DECRETO EMERGENCIAL N° 018-2026
A6: LOCAL: | B6: BUENOS AIRES-PE
A7: ITEM | B7: CÓDIGO | C7: BANCO | D7: DESCRIÇÃO DOS SERVIÇOS | E7: UND | F7: QUANT. | G7: MEMÓRIA
A8: 1 | D8: LOCAÇÃO MÁQUINAS PESADAS
A9: 1.1 | B9: ='ORÇ SINTÉTICO N DES'!B6 -> 5678 | C9: SINAPI | D9: ='ORÇ SINTÉTICO N DES'!D6 -> RETROESCAVADEIRA SOBRE RODAS COM CARREGADEIRA, TRAÇÃO 4X4, POTÊNCIA LÍQ. 88 HP, CAÇAMBA CARREG. CAP. MÍN. 1 M3, CAÇAMBA RETRO CAP. 0,26 M3, PESO OPERACIONAL MÍN. 6.674 KG, PROFUNDIDADE ESCAVAÇÃO MÁX. 4,37 M - CHP DIURNO. AF_06/2014 | E9: CHP | F9: ='ORÇ SINTÉTICO N DES'!F6 -> 630 | G9: 30 DIAS * 3 MESES * 7 HORAS * 1 RETRO | H9: 8.4 | I9: =25*3*8.4 -> 630
A11: 1.2 | B11: ='ORÇ SINTÉTICO N DES'!B7 -> 96035 | C11: SINAPI | D11: ='ORÇ SINTÉTICO N DES'!D7 -> CAMINHÃO BASCULANTE 10 M3, TRUCADO, POTÊNCIA 230 CV, INCLUSIVE CAÇAMBA METÁLICA, COM DISTRIBUIDOR DE AGREGADOS ACOPLADO - CHP DIURNO. AF_02/2017 | E11: CHP | F11: ='ORÇ SINTÉTICO N DES'!F7 -> 480 | G11: 8 HORAS * 30 DIAS * 2 CAMINHÕES | H11: 8*30*2
A13: 1.3 | B13: ='ORÇ SINTÉTICO N DES'!B8 -> COMP 01 - BA | C13: ='ORÇ SINTÉTICO N DES'!C8 -> Próprio | D13: ='ORÇ SINTÉTICO N DES'!D8 -> LOCAÇÃO DE CAMINHÃO LIMPA FOSSA EQUIPADO COM TANQUE DE SUCÇÃO A VÁCUO, COM CAPACIDADE MINÍMA DE 8 MIL LITROS, BOMBA DE ALTO DESEMPENHO E MANGUEIRAS APROPRIADAS PARA A EXECUÇÃO DE SERVIÇOS DE ESGOTAMENTO SANITÁRIO. UTILIZADO NA SUCÇÃO, TRANSPORTE E DESCARTE DE RESÍDUOS DE FOSSAS SÉPTICAS, CAIXAS DE GORDURA E POÇOS DE INSPEÇÃO. OPERAÇÃO A DIESEL. COM MOTORISTA, COMBUSTÍVEL E MANUTENÇÃO POR CONTA DA CONTRATADA. (SERVIÇOS) | E13: ='ORÇ SINTÉTICO N DES'!E8 -> UND | F13: ='ORÇ SINTÉTICO N DES'!F8 -> 60 | G13: 60 LIMPEZAS DE FOSSA
G16: =25*3*5.67 -> 425.25

Sheet CPUs
C1: COMPOSIÇÕES ANALÍTICAS COM PREÇO UNITÁRIO | E1: BANCOS | H1: B.D.I. | I1: ENCARGOS SOCIAIS
C2: ='ORÇ SINTÉTICO N DES'!D2 -> LOCAÇÃO DE MÁQUINAS PESADAS PARA "OPERAÇÃO RECUPERAÇÃO DE ESTRADAS VICINAIS" NO MUNICÍPIO DE BUENOS AIRES, CONFORME DECRETO EMERGENCIAL N° 018-2026 | E2: ='ORÇ SINTÉTICO N DES'!E2:G2 -> SINAPI - 03/2026 - Pernambuco SICRO3 - 01/2026 - Pernambuco | H2: 0.1445 | I2: Não Desonerado: Horista: 114,63% Mensalista: 70,67%
A3: Composições Analíticas com Preço Unitário
A4: Composições Principais
A5: 1.1 | B5: Código | C5: Banco | D5: Descrição | E5: Tipo | G5: Und | H5: Quant. | I5: Valor Unit | J5: Total
A6: Composição | B6: 5678 | C6: SINAPI | D6: RETROESCAVADEIRA SOBRE RODAS COM CARREGADEIRA, TRAÇÃO 4X4, POTÊNCIA LÍQ. 88 HP, CAÇAMBA CARREG. CAP. MÍN. 1 M3, CAÇAMBA RETRO CAP. 0,26 M3, PESO OPERACIONAL MÍN. 6.674 KG, PROFUNDIDADE ESCAVAÇÃO MÁX. 4,37 M - CHP DIURNO. AF_06/2014 | E6: Custos Horários Produtivo e Improdutivo dos Equipamentos | G6: CHP | H6: 1 | I6: 158.27 | J6: 158.27
A7: Composição Auxiliar | B7: 88857 | C7: SINAPI | D7: RETROESCAVADEIRA SOBRE RODAS COM CARREGADEIRA, TRAÇÃO 4X4, POTÊNCIA LÍQ. 88 HP, CAÇAMBA CARREG. CAP. MÍN. 1 M3, CAÇAMBA RETRO CAP. 0,26 M3, PESO OPERACIONAL MÍN. 6.674 KG, PROFUNDIDADE ESCAVAÇÃO MÁX. 4,37 M - DEPRECIAÇÃO. AF_06/2014 | E7: Depreciação, Juros, Impostos e Seguros, Manutenção e Materiais na Operação dos Equipamentos | G7: H | H7: 1 | I7: 26.12 | J7: 26.12
A8: Composição Auxiliar | B8: 53786 | C8: SINAPI | D8: RETROESCAVADEIRA SOBRE RODAS COM CARREGADEIRA, TRAÇÃO 4X4, POTÊNCIA LÍQ. 88 HP, CAÇAMBA CARREG. CAP. MÍN. 1 M3, CAÇAMBA RETRO CAP. 0,26 M3, PESO OPERACIONAL MÍN. 6.674 KG, PROFUNDIDADE ESCAVAÇÃO MÁX. 4,37 M - MATERIAIS NA OPERAÇÃO. AF_06/2014 | E8: Depreciação, Juros, Impostos e Seguros, Manutenção e Materiais na Operação dos Equipamentos | G8: H | H8: 1 | I8: 63.97 | J8: 63.97
A9: Composição Auxiliar | B9: 5664 | C9: SINAPI | D9: RETROESCAVADEIRA SOBRE RODAS COM CARREGADEIRA, TRAÇÃO 4X4, POTÊNCIA LÍQ. 88 HP, CAÇAMBA CARREG. CAP. MÍN. 1 M3, CAÇAMBA RETRO CAP. 0,26 M3, PESO OPERACIONAL MÍN. 6.674 KG, PROFUNDIDADE ESCAVAÇÃO MÁX. 4,37 M - MANUTENÇÃO. AF_06/2014 | E9: Depreciação, Juros, Impostos e Seguros, Manutenção e Materiais na Operação dos Equipamentos | G9: H | H9: 1 | I9: 32.65 | J9: 32.65
A10: Composição Auxiliar | B10: 88294 | C10: SINAPI | D10: OPERADOR DE ESCAVADEIRA COM ENCARGOS COMPLEMENTARES | E10: Livro SINAPI: Cálculos e Parâmetros | G10: H | H10: 1 | I10: 28.63 | J10: 28.63
A11: Composição Auxiliar | B11: 88858 | C11: SINAPI | D11: RETROESCAVADEIRA SOBRE RODAS COM CARREGADEIRA, TRAÇÃO 4X4, POTÊNCIA LÍQ. 88 HP, CAÇAMBA CARREG. CAP. MÍN. 1 M3, CAÇAMBA RETRO CAP. 0,26 M3, PESO OPERACIONAL MÍN. 6.674 KG, PROFUNDIDADE ESCAVAÇÃO MÁX. 4,37 M - JUROS. AF_06/2014 | E11: Depreciação, Juros, Impostos e Seguros, Manutenção e Materiais na Operação dos Equipamentos | G11: H | H11: 1 | I11: 6.9 | J11: 6.9
E12: MO sem LS => | F12: 10.61 | G12: LS => | H12: 12.17 | I12: MO com LS => | J12: 22.78
E13: Valor do BDI => | F13: 22.87 | H13: Valor com BDI => | J13: 181.14
A15: 1.2 | B15: Código | C15: Banco | D15: Descrição | E15: Tipo | G15: Und | H15: Quant. | I15: Valor Unit | J15: Total
A16: Composição | B16: 96035 | C16: SINAPI | D16: CAMINHÃO BASCULANTE 10 M3, TRUCADO, POTÊNCIA 230 CV, INCLUSIVE CAÇAMBA METÁLICA, COM DISTRIBUIDOR DE AGREGADOS ACOPLADO - CHP DIURNO. AF_02/2017 | E16: Custos Horários Produtivo e Improdutivo dos Equipamentos | G16: CHP | H16: 1 | I16: 324.73 | J16: 324.73
A17: Composição Auxiliar | B17: 96032 | C17: SINAPI | D17: CAMINHÃO BASCULANTE 10 M3, TRUCADO, POTÊNCIA 230 CV, INCLUSIVE CAÇAMBA METÁLICA, COM DISTRIBUIDOR DE AGREGADOS ACOPLADO - IMPOSTOS E SEGUROS. AF_02/2017 | E17: Depreciação, Juros, Impostos e Seguros, Manutenção e Materiais na Operação dos Equipamentos | G17: H | H17: 1 | I17: 5.25 | J17: 5.25
A18: Composição Auxiliar | B18: 96034 | C18: SINAPI | D18: CAMINHÃO BASCULANTE 10 M3, TRUCADO, POTÊNCIA 230 CV, INCLUSIVE CAÇAMBA METÁLICA, COM DISTRIBUIDOR DE AGREGADOS ACOPLADO - MATERIAIS NA OPERAÇÃO. AF_02/2017 | E18: Depreciação, Juros, Impostos e Seguros, Manutenção e Materiais na Operação dos Equipamentos | G18: H | H18: 1 | I18: 177.75 | J18: 177.75
A19: Composição Auxiliar | B19: 96030 | C19: SINAPI | D19: CAMINHÃO BASCULANTE 10 M3, TRUCADO, POTÊNCIA 230 CV, INCLUSIVE CAÇAMBA METÁLICA, COM DISTRIBUIDOR DE AGREGADOS ACOPLADO - DEPRECIAÇÃO. AF_02/2017 | E19: Depreciação, Juros, Impostos e Seguros, Manutenção e Materiais na Operação dos Equipamentos | G19: H | H19: 1 | I19: 37.47 | J19: 37.47
A20: Composição Auxiliar | B20: 96033 | C20: SINAPI | D20: CAMINHÃO BASCULANTE 10 M3, TRUCADO, POTÊNCIA 230 CV, INCLUSIVE CAÇAMBA METÁLICA, COM DISTRIBUIDOR DE AGREGADOS ACOPLADO - MANUTENÇÃO. AF_02/2017 | E20: Depreciação, Juros, Impostos e Seguros, Manutenção e Materiais na Operação dos Equipamentos | G20: H | H20: 1 | I20: 60.36 | J20: 60.36
A21: Composição Auxiliar | B21: 96031 | C21: SINAPI | D21: CAMINHÃO BASCULANTE 10 M3, TRUCADO, POTÊNCIA 230 CV, INCLUSIVE CAÇAMBA METÁLICA, COM DISTRIBUIDOR DE AGREGADOS ACOPLADO - JUROS. AF_02/2017 | E21: Depreciação, Juros, Impostos e Seguros, Manutenção e Materiais na Operação dos Equipamentos | G21: H | H21: 1 | I21: 13.08 | J21: 13.08
A22: Composição Auxiliar | B22: 88281 | C22: SINAPI | D22: MOTORISTA DE BASCULANTE COM ENCARGOS COMPLEMENTARES | E22: Livro SINAPI: Cálculos e Parâmetros | G22: H | H22: 1 | I22: 30.82 | J22: 30.82
E23: MO sem LS => | F23: 11.63 | G23: LS => | H23: 13.34 | I23: MO com LS => | J23: 24.97
E24: Valor do BDI => | F24: 46.92 | H24: Valor com BDI => | J24: 371.65
A26: 1.3 | B26: Código | C26: Banco | D26: Descrição | E26: Tipo | G26: Und | H26: Quant. | I26: Valor Unit | J26: Total
A27: Composição | B27: COMP 01 - BA | C27: Próprio | D27: LOCAÇÃO DE CAMINHÃO LIMPA FOSSA EQUIPADO COM TANQUE DE SUCÇÃO A VÁCUO, COM CAPACIDADE MINÍMA DE 8 MIL LITROS, BOMBA DE ALTO DESEMPENHO E MANGUEIRAS APROPRIADAS PARA A EXECUÇÃO DE SERVIÇOS DE ESGOTAMENTO SANITÁRIO. UTILIZADO NA SUCÇÃO, TRANSPORTE E DESCARTE DE RESÍDUOS DE FOSSAS SÉPTICAS, CAIXAS DE GORDURA E POÇOS DE INSPEÇÃO. OPERAÇÃO A DIESEL. COM MOTORISTA, COMBUSTÍVEL E MANUTENÇÃO POR CONTA DA CONTRATADA. (SERVIÇOS) | E27: SEES - SERVIÇOS ESPECIAIS | G27: UND | H27: 1 | I27: 657.83 | J27: 657.83
A28: Insumo | B28: 00004526 | C28: Próprio | D28: LOCAÇÃO DE CAMINHÃO LIMPA FOSSA EQUIPADO COM TANQUE DE SUCÇÃO A VÁCUO, COM CAPACIDADE MINÍMA DE 8 MIL LITROS, BOMBA DE ALTO DESEMPENHO E MANGUEIRAS APROPRIADAS PARA A EXECUÇÃO DE SERVIÇOS DE ESGOTAMENTO SANITÁRIO. UTILIZADO NA SUCÇÃO, TRANSPORTE E DESCARTE DE RESÍDUOS DE FOSSAS SÉPTICAS, CAIXAS DE GORDURA E POÇOS DE INSPEÇÃO. OPERAÇÃO A DIESEL. COM MOTORISTA, COMBUSTÍVEL E MANUTENÇÃO POR CONTA DA CONTRATADA. | E28: Serviços | G28: UND | H28: 1 | I28: 657.83 | J28: 657.83
E29: MO sem LS => | F29: 0 | G29: LS => | H29: 0 | I29: MO com LS => | J29: 0
E30: Valor do BDI => | F30: 95.06 | H30: Valor com BDI => | J30: 752.89
A32: Composições Auxiliares
B33: Código | C33: Banco | D33: Descrição | E33: Tipo | G33: Und | H33: Quant. | I33: Valor Unit | J33: Total
A34: Composição | B34: 96030 | C34: SINAPI | D34: CAMINHÃO BASCULANTE 10 M3, TRUCADO, POTÊNCIA 230 CV, INCLUSIVE CAÇAMBA METÁLICA, COM DISTRIBUIDOR DE AGREGADOS ACOPLADO - DEPRECIAÇÃO. AF_02/2017 | E34: Depreciação, Juros, Impostos e Seguros, Manutenção e Materiais na Operação dos Equipamentos | G34: H | H34: 1 | I34: 37.47 | J34: 37.47
A35: Insumo | B35: 00037734 | C35: SINAPI | D35: CACAMBA METALICA BASCULANTE COM CAPACIDADE DE 10 M3 (INCLUI MONTAGEM, NAO INCLUI CAMINHAO) | E35: Equipamento para Aquisição Permanente | G35: UN | H35: 6.03e-05 | I35: 81699.7 | J35: 4.92
A36: Insumo | B36: 00002401 | C36: SINAPI | D36: DISTRIBUIDOR DE AGREGADOS REBOCAVEL, CAPACIDADE 1,9 M3, LARGURA DE TRABALHO 3,66 M | E36: Equipamento para Aquisição Permanente | G36: UN | H36: 7.2e-05 | I36: 102233.01 | J36: 7.36
A37: Insumo | B37: 00037758 | C37: SINAPI | D37: CAMINHAO TRUCADO, PESO BRUTO TOTAL 23000 KG, CARGA UTIL MAXIMA 15285 KG, DISTANCIA ENTRE EIXOS 4,80 M, POTENCIA 326 CV (INCLUI CABINE E CHASSI, NAO INCLUI CARROCERIA) | E37: Equipamento para Aquisição Permanente | G37: UN | H37: 3.42e-05 | I37: 736774.75 | J37: 25.19
E38: MO sem LS => | F38: 0 | G38: LS => | H38: 0 | I38: MO com LS => | J38: 0
E39: Valor do BDI => | F39: 5.41 | H39: Valor com BDI => | J39: 42.88
B41: Código | C41: Banco | D41: Descrição | E41: Tipo | G41: Und | H41: Quant. | I41: Valor Unit | J41: Total
A42: Composição | B42: 96032 | C42: SINAPI | D42: CAMINHÃO BASCULANTE 10 M3, TRUCADO, POTÊNCIA 230 CV, INCLUSIVE CAÇAMBA METÁLICA, COM DISTRIBUIDOR DE AGREGADOS ACOPLADO - IMPOSTOS E SEGUROS. AF_02/2017 | E42: Depreciação, Juros, Impostos e Seguros, Manutenção e Materiais na Operação dos Equipamentos | G42: H | H42: 1 | I42: 5.25 | J42: 5.25
A43: Insumo | B43: 00002401 | C43: SINAPI | D43: DISTRIBUIDOR DE AGREGADOS REBOCAVEL, CAPACIDADE 1,9 M3, LARGURA DE TRABALHO 3,66 M | E43: Equipamento para Aquisição Permanente | G43: UN | H43: 5.7e-06 | I43: 102233.01 | J43: 0.58
A44: Insumo | B44: 00037758 | C44: SINAPI | D44: CAMINHAO TRUCADO, PESO BRUTO TOTAL 23000 KG, CARGA UTIL MAXIMA 15285 KG, DISTANCIA ENTRE EIXOS 4,80 M, POTENCIA 326 CV (INCLUI CABINE E CHASSI, NAO INCLUI CARROCERIA) | E44: Equipamento para Aquisição Permanente | G44: UN | H44: 5.7e-06 | I44: 736774.75 | J44: 4.19
A45: Insumo | B45: 00037734 | C45: SINAPI | D45: CACAMBA METALICA BASCULANTE COM CAPACIDADE DE 10 M3 (INCLUI MONTAGEM, NAO INCLUI CAMINHAO) | E45: Equipamento para Aquisição Permanente | G45: UN | H45: 5.9e-06 | I45: 81699.7 | J45: 0.48
E46: MO sem LS => | F46: 0 | G46: LS => | H46: 0 | I46: MO com LS => | J46: 0
E47: Valor do BDI => | F47: 0.76 | H47: Valor com BDI => | J47: 6.01
B49: Código | C49: Banco | D49: Descrição | E49: Tipo | G49: Und | H49: Quant. | I49: Valor Unit | J49: Total
A50: Composição | B50: 96031 | C50: SINAPI | D50: CAMINHÃO BASCULANTE 10 M3, TRUCADO, POTÊNCIA 230 CV, INCLUSIVE CAÇAMBA METÁLICA, COM DISTRIBUIDOR DE AGREGADOS ACOPLADO - JUROS. AF_02/2017 | E50: Depreciação, Juros, Impostos e Seguros, Manutenção e Materiais na Operação dos Equipamentos | G50: H | H50: 1 | I50: 13.08 | J50: 13.08
A51: Insumo | B51: 00037734 | C51: SINAPI | D51: CACAMBA METALICA BASCULANTE COM CAPACIDADE DE 10 M3 (INCLUI MONTAGEM, NAO INCLUI CAMINHAO) | E51: Equipamento para Aquisição Permanente | G51: UN | H51: 1.46e-05 | I51: 81699.7 | J51: 1.19
A52: Insumo | B52: 00037758 | C52: SINAPI | D52: CAMINHAO TRUCADO, PESO BRUTO TOTAL 23000 KG, CARGA UTIL MAXIMA 15285 KG, DISTANCIA ENTRE EIXOS 4,80 M, POTENCIA 326 CV (INCLUI CABINE E CHASSI, NAO INCLUI CARROCERIA) | E52: Equipamento para Aquisição Permanente | G52: UN | H52: 1.41e-05 | I52: 736774.75 | J52: 10.38
A53: Insumo | B53: 00002401 | C53: SINAPI | D53: DISTRIBUIDOR DE AGREGADOS REBOCAVEL, CAPACIDADE 1,9 M3, LARGURA DE TRABALHO 3,66 M | E53: Equipamento para Aquisição Permanente | G53: UN | H53: 1.48e-05 | I53: 102233.01 | J53: 1.51
E54: MO sem LS => | F54: 0 | G54: LS => | H54: 0 | I54: MO com LS => | J54: 0
E55: Valor do BDI => | F55: 1.89 | H55: Valor com BDI => | J55: 14.97
B57: Código | C57: Banco | D57: Descrição | E57: Tipo | G57: Und | H57: Quant. | I57: Valor Unit | J57: Total
A58: Composição | B58: 96033 | C58: SINAPI | D58: CAMINHÃO BASCULANTE 10 M3, TRUCADO, POTÊNCIA 230 CV, INCLUSIVE CAÇAMBA METÁLICA, COM DISTRIBUIDOR DE AGREGADOS ACOPLADO - MANUTENÇÃO. AF_02/2017 | E58: Depreciação, Juros, Impostos e Seguros, Manutenção e Materiais na Operação dos Equipamentos | G58: H | H58: 1 | I58: 60.36 | J58: 60.36
A59: Insumo | B59: 00037758 | C59: SINAPI | D59: CAMINHAO TRUCADO, PESO BRUTO TOTAL 23000 KG, CARGA UTIL MAXIMA 15285 KG, DISTANCIA ENTRE EIXOS 4,80 M, POTENCIA 326 CV (INCLUI CABINE E CHASSI, NAO INCLUI CARROCERIA) | E59: Equipamento para Aquisição Permanente | G59: UN | H59: 6.42e-05 | I59: 736774.75 | J59: 47.3
A60: Insumo | B60: 00002401 | C60: SINAPI | D60: DISTRIBUIDOR DE AGREGADOS REBOCAVEL, CAPACIDADE 1,9 M3, LARGURA DE TRABALHO 3,66 M | E60: Equipamento para Aquisição Permanente | G60: UN | H60: 6e-05 | I60: 102233.01 | J60: 6.13
A61: Insumo | B61: 00037734 | C61: SINAPI | D61: CACAMBA METALICA BASCULANTE COM CAPACIDADE DE 10 M3 (INCLUI MONTAGEM, NAO INCLUI CAMINHAO) | E61: Equipamento para Aquisição Permanente | G61: UN | H61: 8.49e-05 | I61: 81699.7 | J61: 6.93
E62: MO sem LS => | F62: 0 | G62: LS => | H62: 0 | I62: MO com LS => | J62: 0
E63: Valor do BDI => | F63: 8.72 | H63: Valor com BDI => | J63: 69.08
B65: Código | C65: Banco | D65: Descrição | E65: Tipo | G65: Und | H65: Quant. | I65: Valor Unit | J65: Total
A66: Composição | B66: 96034 | C66: SINAPI | D66: CAMINHÃO BASCULANTE 10 M3, TRUCADO, POTÊNCIA 230 CV, INCLUSIVE CAÇAMBA METÁLICA, COM DISTRIBUIDOR DE AGREGADOS ACOPLADO - MATERIAIS NA OPERAÇÃO. AF_02/2017 | E66: Depreciação, Juros, Impostos e Seguros, Manutenção e Materiais na Operação dos Equipamentos | G66: H | H66: 1 | I66: 177.75 | J66: 177.75
A67: Insumo | B67: 00004221 | C67: SINAPI | D67: OLEO DIESEL COMBUSTIVEL COMUM METROPOLITANO S-10 OU S-500 | E67: Material | G67: L | H67: 23.7 | I67: 7.5 | J67: 177.75
E68: MO sem LS => | F68: 0 | G68: LS => | H68: 0 | I68: MO com LS => | J68: 0
E69: Valor do BDI => | F69: 25.68 | H69: Valor com BDI => | J69: 203.43
B71: Código | C71: Banco | D71: Descrição | E71: Tipo | G71: Und | H71: Quant. | I71: Valor Unit | J71: Total
A72: Composição | B72: 95346 | C72: SINAPI | D72: CURSO DE CAPACITAÇÃO PARA MOTORISTA DE BASCULANTE (ENCARGOS COMPLEMENTARES) - HORISTA | E72: Livro SINAPI: Cálculos e Parâmetros | G72: H | H72: 1 | I72: 0.12 | J72: 0.12
A73: Insumo | B73: 00020020 | C73: SINAPI | D73: MOTORISTA DE CAMINHAO-BASCULANTE (HORISTA) | E73: Mão de Obra | G73: H | H73: 0.00509 | I73: 24.85 | J73: 0.12
E74: MO sem LS => | F74: 0.06 | G74: LS => | H74: 0.06 | I74: MO com LS => | J74: 0.12
E75: Valor do BDI => | F75: 0.02 | H75: Valor com BDI => | J75: 0.14
B77: Código | C77: Banco | D77: Descrição | E77: Tipo | G77: Und | H77: Quant. | I77: Valor Unit | J77: Total
A78: Composição | B78: 95357 | C78: SINAPI | D78: CURSO DE CAPACITAÇÃO PARA OPERADOR DE ESCAVADEIRA (ENCARGOS COMPLEMENTARES) - HORISTA | E78: Livro SINAPI: Cálculos e Parâmetros | G78: H | H78: 1 | I78: 0.25 | J78: 0.25
A79: Insumo | B79: 00004234 | C79: SINAPI | D79: OPERADOR DE ESCAVADEIRA (HORISTA) | E79: Mão de Obra | G79: H | H79: 0.01154 | I79: 22.53 | J79: 0.25
E80: MO sem LS => | F80: 0.12 | G80: LS => | H80: 0.13 | I80: MO com LS => | J80: 0.25
E81: Valor do BDI => | F81: 0.04 | H81: Valor com BDI => | J81: 0.29
B83: Código | C83: Banco | D83: Descrição | E83: Tipo | G83: Und | H83: Quant. | I83: Valor Unit | J83: Total
A84: Composição | B84: 88281 | C84: SINAPI | D84: MOTORISTA DE BASCULANTE COM ENCARGOS COMPLEMENTARES | E84: Livro SINAPI: Cálculos e Parâmetros | G84: H | H84: 1 | I84: 30.82 | J84: 30.82
A85: Composição Auxiliar | B85: 95346 | C85: SINAPI | D85: CURSO DE CAPACITAÇÃO PARA MOTORISTA DE BASCULANTE (ENCARGOS COMPLEMENTARES) - HORISTA | E85: Livro SINAPI: Cálculos e Parâmetros | G85: H | H85: 1 | I85: 0.12 | J85: 0.12
A86: Insumo | B86: 00043464 | C86: SINAPI | D86: FERRAMENTAS - FAMILIA OPERADOR ESCAVADEIRA - HORISTA (ENCARGOS COMPLEMENTARES - COLETADO CAIXA) | E86: Encargos Complementares | G86: H | H86: 1 | I86: 0.02 | J86: 0.02
A87: Insumo | B87: 00037370 | C87: SINAPI | D87: ALIMENTACAO - HORISTA (COLETADO CAIXA - ENCARGOS COMPLEMENTARES) | E87: Encargos Complementares | G87: H | H87: 1 | I87: 3.06 | J87: 3.06
A88: Insumo | B88: 00037371 | C88: SINAPI | D88: TRANSPORTE - HORISTA (COLETADO CAIXA - ENCARGOS COMPLEMENTARES) | E88: Encargos Complementares | G88: H | H88: 1 | I88: 0.5 | J88: 0.5
A89: Insumo | B89: 00043488 | C89: SINAPI | D89: EPI - FAMILIA OPERADOR ESCAVADEIRA - HORISTA (ENCARGOS COMPLEMENTARES - COLETADO CAIXA) | E89: Encargos Complementares | G89: H | H89: 1 | I89: 0.92 | J89: 0.92
A90: Insumo | B90: 00020020 | C90: SINAPI | D90: MOTORISTA DE CAMINHAO-BASCULANTE (HORISTA) | E90: Mão de Obra | G90: H | H90: 1 | I90: 24.85 | J90: 24.85
A91: Insumo | B91: 00037373 | C91: SINAPI | D91: SEGURO - HORISTA (COLETADO CAIXA - ENCARGOS COMPLEMENTARES) | E91: Encargos Complementares | G91: H | H91: 1 | I91: 0.11 | J91: 0.11
A92: Insumo | B92: 00037372 | C92: SINAPI | D92: EXAMES - HORISTA (COLETADO CAIXA - ENCARGOS COMPLEMENTARES) | E92: Encargos Complementares | G92: H | H92: 1 | I92: 1.24 | J92: 1.24
E93: MO sem LS => | F93: 11.63 | G93: LS => | H93: 13.34 | I93: MO com LS => | J93: 24.97
E94: Valor do BDI => | F94: 4.45 | H94: Valor com BDI => | J94: 35.27
B96: Código | C96: Banco | D96: Descrição | E96: Tipo | G96: Und | H96: Quant. | I96: Valor Unit | J96: Total
A97: Composição | B97: 88294 | C97: SINAPI | D97: OPERADOR DE ESCAVADEIRA COM ENCARGOS COMPLEMENTARES | E97: Livro SINAPI: Cálculos e Parâmetros | G97: H | H97: 1 | I97: 28.63 | J97: 28.63
A98: Composição Auxiliar | B98: 95357 | C98: SINAPI | D98: CURSO DE CAPACITAÇÃO PARA OPERADOR DE ESCAVADEIRA (ENCARGOS COMPLEMENTARES) - HORISTA | E98: Livro SINAPI: Cálculos e Parâmetros | G98: H | H98: 1 | I98: 0.25 | J98: 0.25
A99: Insumo | B99: 00037371 | C99: SINAPI | D99: TRANSPORTE - HORISTA (COLETADO CAIXA - ENCARGOS COMPLEMENTARES) | E99: Encargos Complementares | G99: H | H99: 1 | I99: 0.5 | J99: 0.5
A100: Insumo | B100: 00037370 | C100: SINAPI | D100: ALIMENTACAO - HORISTA (COLETADO CAIXA - ENCARGOS COMPLEMENTARES) | E100: Encargos Complementares | G100: H | H100: 1 | I100: 3.06 | J100: 3.06
A101: Insumo | B101: 00037373 | C101: SINAPI | D101: SEGURO - HORISTA (COLETADO CAIXA - ENCARGOS COMPLEMENTARES) | E101: Encargos Complementares | G101: H | H101: 1 | I101: 0.11 | J101: 0.11
A102: Insumo | B102: 00004234 | C102: SINAPI | D102: OPERADOR DE ESCAVADEIRA (HORISTA) | E102: Mão de Obra | G102: H | H102: 1 | I102: 22.53 | J102: 22.53
A103: Insumo | B103: 00043464 | C103: SINAPI | D103: FERRAMENTAS - FAMILIA OPERADOR ESCAVADEIRA - HORISTA (ENCARGOS COMPLEMENTARES - COLETADO CAIXA) | E103: Encargos Complementares | G103: H | H103: 1 | I103: 0.02 | J103: 0.02
A104: Insumo | B104: 00037372 | C104: SINAPI | D104: EXAMES - HORISTA (COLETADO CAIXA - ENCARGOS COMPLEMENTARES) | E104: Encargos Complementares | G104: H | H104: 1 | I104: 1.24 | J104: 1.24
A105: Insumo | B105: 00043488 | C105: SINAPI | D105: EPI - FAMILIA OPERADOR ESCAVADEIRA - HORISTA (ENCARGOS COMPLEMENTARES - COLETADO CAIXA) | E105: Encargos Complementares | G105: H | H105: 1 | I105: 0.92 | J105: 0.92
E106: MO sem LS => | F106: 10.61 | G106: LS => | H106: 12.17 | I106: MO com LS => | J106: 22.78
E107: Valor do BDI => | F107: 4.14 | H107: Valor com BDI => | J107: 32.77
B109: Código | C109: Banco | D109: Descrição | E109: Tipo | G109: Und | H109: Quant. | I109: Valor Unit | J109: Total
A110: Composição | B110: 88857 | C110: SINAPI | D110: RETROESCAVADEIRA SOBRE RODAS COM CARREGADEIRA, TRAÇÃO 4X4, POTÊNCIA LÍQ. 88 HP, CAÇAMBA CARREG. CAP. MÍN. 1 M3, CAÇAMBA RETRO CAP. 0,26 M3, PESO OPERACIONAL MÍN. 6.674 KG, PROFUNDIDADE ESCAVAÇÃO MÁX. 4,37 M - DEPRECIAÇÃO. AF_06/2014 | E110: Depreciação, Juros, Impostos e Seguros, Manutenção e Materiais na Operação dos Equipamentos | G110: H | H110: 1 | I110: 26.12 | J110: 26.12
A111: Insumo | B111: 00036531 | C111: SINAPI | D111: RETROESCAVADEIRA SOBRE RODAS COM CARREGADEIRA, TRACAO 4 X 4, POTENCIA LIQUIDA 88 HP, PESO OPERACIONAL MINIMO DE 6674 KG, CAPACIDADE DA CARREGADEIRA DE 1,00 M3 E DA RETROESCAVADEIRA MINIMA DE 0,26 M3, PROFUNDIDADE DE ESCAVACAO MAXIMA DE 4,37 M | E111: Equipamento para Aquisição Permanente | G111: UN | H111: 5.6e-05 | I111: 466463.38 | J111: 26.12
E112: MO sem LS => | F112: 0 | G112: LS => | H112: 0 | I112: MO com LS => | J112: 0
...

Sheet CURVA ABC
C1: OBRA | D1: BANCOS | G1: B.D.I. | H1: ENCARGOS SOCIAIS
C2: ='ORÇ SINTÉTICO N DES'!D2 -> LOCAÇÃO DE MÁQUINAS PESADAS PARA "OPERAÇÃO RECUPERAÇÃO DE ESTRADAS VICINAIS" NO MUNICÍPIO DE BUENOS AIRES, CONFORME DECRETO EMERGENCIAL N° 018-2026 | D2: SINAPI - 03/2026 - Pernambuco SICRO3 - 01/2026 - Pernambuco | G2: 0.1445 | H2: Não Desonerado: Horista: 114,63% Mensalista: 70,67%
A3: Curva ABC de Serviços
A4: Código | B4: Banco | C4: Descrição | D4: Und | E4: Quant. | F4: Valor Unit | G4: Total | H4: Peso (%) | I4: Peso Acumulado (%)
A5: 96035 | B5: SINAPI | C5: CAMINHÃO BASCULANTE 10 M3, TRUCADO, POTÊNCIA 230 CV, INCLUSIVE CAÇAMBA METÁLICA, COM DISTRIBUIDOR DE AGREGADOS ACOPLADO - CHP DIURNO. AF_02/2017 | D5: CHP | E5: 480,0 | F5: 371,65 | G5: 178.392,00 | H5: 52,83 | I5: 52,83 | K5: =E5*40% -> 192
A6: 5678 | B6: SINAPI | C6: RETROESCAVADEIRA SOBRE RODAS COM CARREGADEIRA, TRAÇÃO 4X4, POTÊNCIA LÍQ. 88 HP, CAÇAMBA CARREG. CAP. MÍN. 1 M3, CAÇAMBA RETRO CAP. 0,26 M3, PESO OPERACIONAL MÍN. 6.674 KG, PROFUNDIDADE ESCAVAÇÃO MÁX. 4,37 M - CHP DIURNO. AF_06/2014 | D6: CHP | E6: 630,0 | F6: 181,14 | G6: 114.118,20 | H6: 33,79 | I6: 86,62 | K6: =E6*40% -> 252
A7: COMP 01 - BA | B7: Próprio | C7: LOCAÇÃO DE CAMINHÃO LIMPA FOSSA EQUIPADO COM TANQUE DE SUCÇÃO A VÁCUO, COM CAPACIDADE MINÍMA DE 8 MIL LITROS, BOMBA DE ALTO DESEMPENHO E MANGUEIRAS APROPRIADAS PARA A EXECUÇÃO DE SERVIÇOS DE ESGOTAMENTO SANITÁRIO. UTILIZADO NA SUCÇÃO, TRANSPORTE E DESCARTE DE RESÍDUOS DE FOSSAS SÉPTICAS, CAIXAS DE GORDURA E POÇOS DE INSPEÇÃO. OPERAÇÃO A DIESEL. COM MOTORISTA, COMBUSTÍVEL E MANUTENÇÃO POR CONTA DA CONTRATADA. (SERVIÇOS) | D7: UND | E7: 60,0 | F7: 752,89 | G7: 45.173,40 | H7: 13,38 | I7: 100,00
E9: Total sem BDI | G9: 295050.3
E10: Total do BDI | G10: 42633.3
E11: Total Geral | G11: 337683.6

Sheet CFF
B1: OBRA | D1: BANCOS | E1: ENCARGOS SOCIAIS
B2: ='ORÇ SINTÉTICO N DES'!D2 -> LOCAÇÃO DE MÁQUINAS PESADAS PARA "OPERAÇÃO RECUPERAÇÃO DE ESTRADAS VICINAIS" NO MUNICÍPIO DE BUENOS AIRES, CONFORME DECRETO EMERGENCIAL N° 018-2026 | D2: SINAPI - 03/2026 - Pernambuco SICRO3 - 01/2026 - Pernambuco | E2: Não Desonerado: Horista: 114,63% Mensalista: 70,67%
A3: Cronograma Físico e Financeiro
A4: Item | B4: Descrição | C4: Total Por Etapa | D4: 30 DIAS | E4: 60 DIAS | F4: 90 DIAS
A5: 1 | B5: LOCAÇÃO DE MAQUINAS | C5: 100,00% 337.683,60 | D5: 33,33% 112.549,94 | E5: 33,33% 112.549,94 | F5: 33,34% 112.579,19
A6: 1.1 | B6: RETROESCAVADEIRA SOBRE RODAS COM CARREGADEIRA, TRAÇÃO 4X4, POTÊNCIA LÍQ. 88 HP, CAÇAMBA CARREG. CAP. MÍN. 1 M3, CAÇAMBA RETRO CAP. 0,26 M3, PESO OPERACIONAL MÍN. 6.674 KG, PROFUNDIDADE ESCAVAÇÃO MÁX. 4,37 M - CHP DIURNO. AF_06/2014 | C6: 100,00% 114.118,20 | D6: 33,33% 38.035,60 | E6: 33,33% 38.035,60 | F6: 33,34% 38.047,01
A7: 1.2 | B7: CAMINHÃO BASCULANTE 10 M3, TRUCADO, POTÊNCIA 230 CV, INCLUSIVE CAÇAMBA METÁLICA, COM DISTRIBUIDOR DE AGREGADOS ACOPLADO - CHP DIURNO. AF_02/2017 | C7: 100,00% 178.392,00 | D7: 33,33% 59.458,05 | E7: 33,33% 59.458,05 | F7: 33,34% 59.475,89
A8: 1.3 | B8: LOCAÇÃO DE CAMINHÃO LIMPA FOSSA EQUIPADO COM TANQUE DE SUCÇÃO A VÁCUO, COM CAPACIDADE MINÍMA DE 8 MIL LITROS, BOMBA DE ALTO DESEMPENHO E MANGUEIRAS APROPRIADAS PARA A EXECUÇÃO DE SERVIÇOS DE ESGOTAMENTO SANITÁRIO. UTILIZADO NA SUCÇÃO, TRANSPORTE E DESCARTE DE RESÍDUOS DE FOSSAS SÉPTICAS, CAIXAS DE GORDURA E POÇOS DE INSPEÇÃO. OPERAÇÃO A DIESEL. COM MOTORISTA, COMBUSTÍVEL E MANUTENÇÃO POR CONTA DA CONTRATADA. (SERVIÇOS) | C8: 99,99% 45.173,40 | D8: 33,33% 15.056,29 | E8: 33,33% 15.056,29 | F8: 33,33% 15.056,29
A9: Porcentagem | D9: 33,33% | E9: 33,33% | F9: 33,34%
A10: Custo | D10: 112.549,94 | E10: 112.549,94 | F10: 112.579,19
A11: Porcentagem Acumulado | D11: 33,33% | E11: 66,66% | F11: 100,0%
A12: Custo Acumulado | D12: 112.549,94 | E12: 225.099,88 | F12: 337.683,60

Sheet BDI 01 - N DES
A1: PREFEITURA MUNICIPAL DE BUENOS AIRES – PE
A2: COMPOSIÇÃO DE BDI (BONIFICAÇÃO E DESPESAS INDIRETAS)
A3: OBRA: | B3: ='CURVA ABC'!C2 -> LOCAÇÃO DE MÁQUINAS PESADAS PARA "OPERAÇÃO RECUPERAÇÃO DE ESTRADAS VICINAIS" NO MUNICÍPIO DE BUENOS AIRES, CONFORME DECRETO EMERGENCIAL N° 018-2026
A4: LOCAL: | B4: =MC!B6 -> BUENOS AIRES-PE
A5: ITEM | B5: DISCRIMINAÇÃO | D5: %
A6: 1 | B6: ADMINISTRAÇÃO CENTRAL (AC) | D6: 1.5 | F6: 3 | G6: 4 | H6: 5.5
A7: 2 | B7: SEGURO E GARANTIA (SG) | D7: 0.3 | F7: 0.8 | G7: 0.8 | H7: 1
A8: 3 | B8: RISCO (R) | D8: 0.56 | F8: 0.97 | G8: 1.27 | H8: 1.27
A9: 4 | B9: DESPESAS FINANCEIRA (DF) | D9: 0.85 | F9: 0.59 | G9: 1.23 | H9: 1.39
A10: 5 | B10: LUCRO (L) | D10: 3.5 | F10: 6.16 | G10: 7.4 | H10: 8.96
A11: 6 | B11: TRIBUTOS (T) | D11: =SUM(C12:C15) -> 6.65
B12: PIS | C12: 0.65
B13: COFINS | C13: 3
B14: ISS | C14: 3
A15: TOTAL | D15: =((((1+(D6/100+D8/100+D7/100))*(1+D9/100)*(1+D10/100))/(1-D11/100))-1)*100 -> 14.454325
A16: BDI = [[{(1+(AC/100 +R/100+SG/100+))*(1+DF/100)*(1+L/100)}/(1-T/100)]-1]*100

Sheet ENCARGOS
A2: PREFEITURA MUNICIPAL DE BUENOS AIRES - PE
A5: ='CURVA ABC'!C2 -> LOCAÇÃO DE MÁQUINAS PESADAS PARA "OPERAÇÃO RECUPERAÇÃO DE ESTRADAS VICINAIS" NO MUNICÍPIO DE BUENOS AIRES, CONFORME DECRETO EMERGENCIAL N° 018-2026
A8: ENCARGOS SOCIAIS SOBRE A MÃO DE OBRA
A9: FONTE: SINAPI (01/2026)
A10: CÓDIGO | B10: DESCRIÇÃO | C10: COM DESONERAÇÃO | E10: SEM DESONERAÇÃO
C11: HORISTA % | D11: MENSALISTA % | E11: HORISTA % | F11: MENSALISTA %
A12: GRUPO A
A13: A1 | B13: INSS | C13: 0.1 | D13: 0.1 | E13: 0.2 | F13: 0.2
A14: A2 | B14: SESI | C14: 0.015 | D14: 0.015 | E14: 0.015 | F14: 0.015
A15: A3 | B15: SENAI | C15: 0.01 | D15: 0.01 | E15: 0.01 | F15: 0.01
A16: A4 | B16: INCRA | C16: 0.002 | D16: 0.002 | E16: 0.002 | F16: 0.002
A17: A5 | B17: SEBRAE | C17: 0.006 | D17: 0.006 | E17: 0.006 | F17: 0.006
A18: A6 | B18: Salário Educação | C18: 0.025 | D18: 0.025 | E18: 0.025 | F18: 0.025
A19: A7 | B19: Seguro Contra Acidentes de Trabalho | C19: 0.03 | D19: 0.03 | E19: 0.03 | F19: 0.03
A20: A8 | B20: FGTS | C20: 0.08 | D20: 0.08 | E20: 0.08 | F20: 0.08
A21: A9 | B21: SECONCI | C21: 0 | D21: 0 | E21: 0 | F21: 0
A22: A | B22: Total | C22: =SUM(C13:C21) -> 0.268 | D22: =SUM(D13:D21) -> 0.268 | E22: =SUM(E13:E21) -> 0.368 | F22: =SUM(F13:F21) -> 0.368
A23: GRUPO B
A24: B1 | B24: Repouso Semanal Renumerado | C24: 0.1788 | D24: 0 | E24: 0.1788 | F24: 0
A25: B2 | B25: Feriados | C25: 0.0429 | D25: 0 | E25: 0.0429 | F25: 0
A26: B3 | B26: Auxílio - Enfermidade | C26: 0.0088 | D26: 0.0067 | E26: 0.0088 | F26: 0.0067
A27: B4 | B27: 13º Salário | C27: 0.1093 | D27: 0.083 | E27: 0.1093 | F27: 0.083
A28: B5 | B28: Licença Paternidade | C28: 0.0007 | D28: 0.0005 | E28: 0.0007 | F28: 0.0005
A29: B6 | B29: Faltas Justificadas | C29: 0.0073 | D29: 0.0056 | E29: 0.0073 | F29: 0.0056
A30: B7 | B30: Dias de Chuvas | C30: 0.0212 | D30: 0 | E30: 0.0212 | F30: 0
A31: B8 | B31: Auxílio de Acidente de Trabalho | C31: 0.0003 | D31: 0.0002 | E31: 0.0003 | F31: 0.0002
A32: B9 | B32: Férias Gozadas | C32: 0.1004 | D32: 0.0762 | E32: 0.1004 | F32: 0.0762
A33: B10 | B33: Salário Maternidade | C33: 0.0004 | D33: 0.0003 | E33: 0.0004 | F33: 0.0003
A34: B | B34: Total | C34: =SUM(C24:C33) -> 0.4701 | D34: =SUM(D24:D33) -> 0.1725 | E34: =SUM(E24:E33) -> 0.4701 | F34: =SUM(F24:F33) -> 0.1725
A35: GRUPO C
A36: C1 | B36: Aviso Prévio Indenizado | C36: 0.0528 | D36: 0.0401 | E36: 0.0528 | F36: 0.0401
A37: C2 | B37: Aviso Prévio Trabalhado | C37: 0.0014 | D37: 0.001 | E37: 0.0014 | F37: 0.001
A38: C3 | B38: Férias Indenizadas | C38: 0.0495 | D38: 0.0376 | E38: 0.0495 | F38: 0.0376
A39: C4 | B39: Depósito Rescisão Sem Justa Causa | C39: 0.0224 | D39: 0.017 | E39: 0.0224 | F39: 0.017
A40: C5 | B40: Indenização Adicional | C40: 0.0044 | D40: 0.0034 | E40: 0.0044 | F40: 0.0034
A41: C | B41: Total | C41: =SUM(C36:C40) -> 0.1305 | D41: =SUM(D36:D40) -> 0.0991 | E41: =SUM(E36:E40) -> 0.1305 | F41: =SUM(F36:F40) -> 0.0991
A42: GRUPO D
A43: D1 | B43: Reincidência de Grupo A sobre Grupo B | C43: 0.1151 | D43: 0.0379 | E43: 0.173 | F43: 0.0635
A44: D2 | B44: Reincidência de Grupo A sobre Aviso Prévio Trabalhado e Reincidência do FGTS sobre Aviso Prévio Indenizado | C44: 0.0046 | D44: 0.0035 | E44: 0.0047 | F44: 0.0036
A45: D | B45: Total | C45: =SUM(C43:C44) -> 0.1197 | D45: =SUM(D43:D44) -> 0.0414 | E45: =SUM(E43:E44) -> 0.1777 | F45: =SUM(F43:F44) -> 0.0671
A46: TOTAL (A+B+C+D) | C46: =SUM(C22,C34,C41,C45) -> 0.9883 | D46: =SUM(D22,D34,D41,D45) -> 0.581 | E46: =SUM(E22,E34,E41,E45) -> 1.1463 | F46: =SUM(F22,F34,F41,F45) -> 0.7067

Sheet ORÇ SINTÉTICO DES
D1: OBRA | E1: BANCOS | H1: B.D.I. | I1: ENCARGOS SOCIAIS | K1: 1.1786
D2: LOCAÇÃO DE MÁQUINAS PESADAS PARA "OPERAÇÃO RECUPERAÇÃO DE ESTRADAS VICINAIS" NO MUNICÍPIO DE BUENOS AIRES, CONFORME DECRETO EMERGENCIAL N° 018-2026 | E2: SINAPI - 03/2026 - Pernambuco SICRO3 - 01/2026 - Pernambuco | H2: 0.1786 | I2: Desonerado: Horista: 98,43% Mensalista: 58,10%
A3: ORÇAMENTO SINTÉTICO DESONERADO
A4: ITEM | B4: CÓDIGO | C4: BANCO | D4: DESCRIÇÃO | E4: UND | F4: QUANT. | G4: VALOR UNIT. | H4: VALOR UNIT, COM BDI | I4: TOTAL | J4: PESO (%)
A5: 1 | D5: LOCAÇÃO DE MAQUINAS | I5: =H12 -> 345467.1 | J5: 1
A6: 1.1 | B6: 5678 | C6: SINAPI | D6: RETROESCAVADEIRA SOBRE RODAS COM CARREGADEIRA, TRAÇÃO 4X4, POTÊNCIA LÍQ. 88 HP, CAÇAMBA CARREG. CAP. MÍN. 1 M3, CAÇAMBA RETRO CAP. 0,26 M3, PESO OPERACIONAL MÍN. 6.674 KG, PROFUNDIDADE ESCAVAÇÃO MÁX. 4,37 M - CHP DIURNO. AF_06/2014 | E6: CHP | F6: 630 | G6: 156.6 | H6: 184.57 | I6: 116279.1 | J6: 0.33658516
A7: 1.2 | B7: 96035 | C7: SINAPI | D7: CAMINHÃO BASCULANTE 10 M3, TRUCADO, POTÊNCIA 230 CV, INCLUSIVE CAÇAMBA METÁLICA, COM DISTRIBUIDOR DE AGREGADOS ACOPLADO - CHP DIURNO. AF_02/2017 | E7: CHP | F7: 480 | G7: 322.89 | H7: 380.56 | I7: 182668.8 | J7: 0.52875889
A8: 1.3 | B8: COMP 01 - BA | C8: Próprio | D8: LOCAÇÃO DE CAMINHÃO LIMPA FOSSA EQUIPADO COM TANQUE DE SUCÇÃO A VÁCUO, COM CAPACIDADE MINÍMA DE 8 MIL LITROS, BOMBA DE ALTO DESEMPENHO E MANGUEIRAS APROPRIADAS PARA A EXECUÇÃO DE SERVIÇOS DE ESGOTAMENTO SANITÁRIO. UTILIZADO NA SUCÇÃO, TRANSPORTE E DESCARTE DE RESÍDUOS DE FOSSAS SÉPTICAS, CAIXAS DE GORDURA E POÇOS DE INSPEÇÃO. OPERAÇÃO A DIESEL. COM MOTORISTA, COMBUSTÍVEL E MANUTENÇÃO POR CONTA DA CONTRATADA. (SERVIÇOS) | E8: UND | F8: 60 | G8: 657.83 | H8: 775.32 | I8: 46519.2 | J8: 0.13465595
F10: Total sem BDI | H10: 293115 | K10: =H10 -> 293115
F11: Total do BDI | H11: 52352.1 | K11: =H11 -> 52352.1
F12: Total Geral | H12: 345467.1 | K12: =H12 -> 345467.1

Sheet BDI DES
A1: PREFEITURA MUNICIPAL DE BUENOS AIRES – PE
A2: COMPOSIÇÃO DE BDI (BONIFICAÇÃO E DESPESAS INDIRETAS)
A3: OBRA: | B3: LOCAÇÃO DE MÁQUINAS PESADAS PARA "OPERAÇÃO RECUPERAÇÃO DE ESTRADAS VICINAIS" NO MUNICÍPIO DE BUENOS AIRES, CONFORME DECRETO EMERGENCIAL N° 018-2026
A4: LOCAL: | B4: =MC!B6 -> BUENOS AIRES-PE
A5: ITEM | B5: DISCRIMINAÇÃO | D5: %
A6: 1 | B6: ADMINISTRAÇÃO CENTRAL (AC) | D6: 1.5 | F6: 3 | G6: 4 | H6: 5.5
A7: 2 | B7: SEGURO E GARANTIA (SG) | D7: 0.3 | F7: 0.8 | G7: 0.8 | H7: 1
A8: 3 | B8: RISCO (R) | D8: 0.56 | F8: 0.97 | G8: 1.27 | H8: 1.27
A9: 4 | B9: DESPESAS FINANCEIRA (DF) | D9: 0.85 | F9: 0.59 | G9: 1.23 | H9: 1.39
A10: 5 | B10: LUCRO (L) | D10: 3.5 | F10: 6.16 | G10: 7.4 | H10: 8.96
A11: 6 | B11: TRIBUTOS (T) | D11: =SUM(C12:C15) -> 9.35
B12: PIS | C12: 0.65
B13: COFINS | C13: 3
B14: ISS | C14: 3
B15: CPRB | C15: 2.7
A16: TOTAL | D16: =((((1+(D6/100+D8/100+D7/100))*(1+D9/100)*(1+D10/100))/(1-D11/100))-1)*100 -> 17.863334
A17: BDI = [[{(1+(AC/100 +R/100+SG/100+))*(1+DF/100)*(1+L/100)}/(1-T/100)]-1]*100
